 Dungeon Crawl Stone Soup version 0.20.1-1-g8b1a95d (webtiles) character file.

2900 vatarom the Martial Artist (level 9, 0/87 (88) HPs)
             Began as a White Draconian Transmuter on Sept 20, 2017.
             Was an Initiate of Gozag.
             Slain by vatarom's ghost (21 damage)
             ... on level 8 of the Dungeon.
             The game lasted 00:17:59 (8378 turns).

vatarom the Martial Artist (DrTm)                   Turns: 8378, Time: 00:17:59

HP:   0/87 (88)     AC:  6    Str: 13    XL:     9   Next: 49%
MP:   9/12          EV: 12    Int: 14    God:    Gozag
Gold: 969           SH:  0    Dex: 14    Spells: 2/12 levels left

rFire    x . .     SeeInvis .     - Unarmed
rCold    + + +     Gourm    .   (shield currently unavailable)
rNeg     . . .     Faith    .   (armour unavailable)
rPois    +         Spirit   .   (helmet currently unavailable)
rElec    .         Reflect  .   (cloak currently unavailable)
rCorr    .         Harm     .   (gloves currently unavailable)
MR       .....                  (boots currently unavailable)
Stlth    +.........             (no amulet)
Regen    0.3/turn               (no ring)
MPRegen  0.2/turn               (no ring)

@: ice-form, hasted, very quick
A: (breathe frost), unfitting armour, AC +7
a: End Transformation, Potion Petition, Call Merchant, Bribe Branch, Renounce
Religion


You were on level 8 of the Dungeon.
You worshipped Gozag.
Gozag was pleased with you.
You were not hungry.
You were a creature of crystalline ice.
You visited 2 branches of the dungeon, and saw 9 of its levels.

You collected 1001 gold pieces.
You paid 32 gold pieces to Gozag.

Inventory:

Missiles
 a - 148 arrows
Armour
 j - a +0 pair of gloves (melded)
 o - a +2 cloak (melded)
 s - a +1 pair of boots (melded)
Wands
 e - a wand of flame (25/48)
 m - a wand of disintegration (12/24)
 x - a wand of polymorph (7/24)
Scrolls
 c - a scroll of enchant armour {unknown}
 d - 5 scrolls of blinking
 f - a scroll of remove curse
 g - 7 scrolls of identify
 k - a scroll of enchant weapon
 n - a scroll of amnesia
 q - a scroll of magic mapping
 u - a scroll of teleportation
 w - a scroll of recharging {unknown}
Potions
 r - a potion of agility
 t - a potion of lignification {unknown}
Books
 b - a book of Changes

   Spells                             Type                      Level
   a - Beastly Appendage              Transmutation                1
   b - Sticks to Snakes               Transmutation                2
   c - Spider Form                    Transmutation/Poison         3
   d - Ice Form                       Ice/Transmutation            4
   e - Blade Hands                    Transmutation                5
Comestibles
 h - 5 meat rations
 i - a royal jelly
 p - 3 bread rations


   Skills:
 + Level 5.1 Fighting
 + Level 4.7 Dodging
 * Level 8.4 Unarmed Combat
 - Level 2.0 Spellcasting
 - Level 6.2 Transmutations
 - Level 6.5 Ice Magic


You had 2 spell levels left.
You knew the following spells:

 Your Spells              Type           Power        Failure   Level  Hunger
a - Beastly Appendage     Tmut           ###...       1%          1    ##.....
b - Sticks to Snakes      Tmut           ###.....     2%          2    ###....
c - Spider Form           Tmut/Pois      ##........   21%         3    ####...
d - Ice Form              Ice/Tmut       ###.....     17%         4    #####..


Dungeon Overview and Level Annotations

Branches:
Dungeon (8/15)             Temple (1/1) D:5
   Lair: D:8-11

Altars:
Ashenzari
Cheibriados
Dithmenos
Elyvilon
Fedhas
Gozag
Hepliaklqana
Kikubaaqudgha
Makhleb
Nemelex Xobeh
Okawaru
Qazlal
Ru
Sif Muna
Trog
Uskayaw
Vehumet
Xom
Yredelemnul
Zin
The Shining One

Shops:
D:8 }

Annotations:
D:5 1 exclusion
D:8 vatarom's ghost, novice HOFi


Innate Abilities, Weirdness & Mutations

((You can breathe waves of freezing cold.))
((You can buffet flying creatures when you breathe cold.))
((Your icy white scales are hard. (AC +7)))
You cannot fit into any form of body armour.
((Your flesh is cold resistant. (rC+)))
((You are cold-blooded and may be slowed by cold attacks.))


Message History

Vatarom's ghost is almost destroyed.
Vatarom's ghost misses you.
You barely miss vatarom's ghost.
Vatarom's ghost is almost destroyed.
Vatarom's ghost hits you!!
The sky beast flickers out of sight!
Deactivating autopickup; reactivate with Ctrl-A.
You hit vatarom's ghost but do no damage.
Vatarom's ghost is almost destroyed.
Vatarom's ghost hits you!
You hit vatarom's ghost. You freeze vatarom's ghost.
Vatarom's ghost is almost destroyed.
Vatarom's ghost hits you.
* * * LOW HITPOINT WARNING * * *
x2 You hit vatarom's ghost but do no damage.
Vatarom's ghost is almost destroyed.
Vatarom's ghost hits you.
* * * LOW HITPOINT WARNING * * *
x2 You feel yourself speed up.
Vatarom's ghost hits you!!
You die...
Your body crumbles into a pile of gold.

.... #...# #.# #(.. #.
#...## #.# #.#. .
#....#######.#######)##
.......................
........................
#.#.##...................
#...................
##.#.##.##................
.......{WY................
##.#.##.##................
........#.#.#........
..#####........... ...
##..#.#.#.# .. #........ .
..#.#.# ......


You could see vatarom's ghost.

Vanquished Creatures
  A hornet (D:7)
  A hippogriff (D:7)
  A wyvern (D:7)
  A hungry ghost (D:7)
  2 necrophages (D:7)
  An orc warrior (D:7)
  An ice beast (D:7)
  A sky beast (D:7)
  A phantom (D:5)
  2 centaurs (D:7)
  An ogre (D:7)
  A big kobold (D:8)
  A wyvern zombie (D:7)
  4 bullfrogs
  A gnoll sergeant (D:5)
  3 scorpions
  3 wights (D:7)
  2 howler monkeys
  A centaur zombie (D:7)
  A quasit (D:7)
  2 hounds
  3 crimson imps
  3 orc wizards
  A worker ant (D:7)
  2 hound skeletons
  A howler monkey skeleton (D:6)
  11 adders
  8 gnolls
  A shadow imp (D:7)
  3 adder zombies
  2 worms
  2 dart slugs
  2 leopard geckos
  13 orcs
  2 ball pythons
  8 bats
  2 giant cockroaches
  10 goblins
  13 hobgoblins
  6 jackals
  4 quokkas
  6 frilled lizards
  8 kobolds
  3 rats
146 creatures vanquished.

Vanquished Creatures (collateral kills)
  A goblin (D:1)
1 creature vanquished.

Grand Total: 147 creatures vanquished

Notes
Turn   | Place    | Note
-------+----------+-------------------------------------------
     0 | D:1      | vatarom the Draconian Transmuter began the quest for the Orb.
     0 | D:1      | Reached XP level 1. HP: 16/16 MP: 3/3
   245 | D:1      | Reached XP level 2. HP: 4/23 MP: 3/5
   246 | D:1      | HP: 1/23 [hobgoblin/club (3)]
   261 | D:1      | Learned a level 2 spell: Sticks to Snakes
   815 | D:1      | Reached XP level 3. HP: 28/29 MP: 6/6
  1264 | D:2      | Reached XP level 4. HP: 36/37 MP: 5/7
  1300 | D:2      | Learned a level 3 spell: Spider Form
  1569 | D:2      | Reached skill level 4 in Unarmed Combat
  2060 | D:3      | Found an opulent altar of Gozag.
  2295 | D:3      | Became a worshipper of Gozag Ym Sagoz the Greedy
  2769 | D:4      | Reached XP level 5. HP: 36/44 MP: 8/8
  3298 | D:5      | Entered Level 5 of the Dungeon
  3324 | D:5      | Found a staircase to the Ecumenical Temple.
  3678 | D:5      | Reached skill level 5 in Unarmed Combat
  3678 | D:5      | Reached XP level 6. HP: 33/51 MP: 5/9
  3823 | D:5      | Found a deep blue altar of Sif Muna.
  3967 | Temple   | Entered the Ecumenical Temple
  4539 | D:5      | Your scales start taking on an icy white colour.
  4539 | D:5      | Reached XP level 7. HP: 48/59 MP: 6/10
  4539 | D:5      | Gained mutation: Your flesh is cold resistant. (rC+) [White Draconian growth]
  4881 | D:5      | Reached skill level 6 in Unarmed Combat
  5162 | D:6      | Found a glowing silver altar of Zin.
  5162 | D:6      | Found a snail-covered altar of Cheibriados.
  5168 | D:6      | Found a sacrificial altar of Ru.
  5289 | D:6      | Found a hide-covered altar of Uskayaw.
  5291 | D:6      | Found an iron altar of Okawaru.
  5297 | D:6      | Learned a level 4 spell: Ice Form
  5431 | D:6      | Found a glowing golden altar of the Shining One.
  5443 | D:6      | Reached skill level 1 in Ice Magic
  5444 | D:6      | Found a radiant altar of Vehumet.
  5444 | D:6      | Found a shimmering altar of Xom.
  5447 | D:6      | Found a basalt altar of Yredelemnul.
  5447 | D:6      | Found a shimmering altar of Xom.
  5447 | D:6      | Found a shimmering altar of Xom.
  6026 | D:7      | Noticed a hungry ghost
  6069 | D:7      | Killed a hungry ghost
  6069 | D:7      | Reached XP level 8. HP: 40/67 MP: 8/11
  6493 | D:7      | Reached skill level 7 in Unarmed Combat
  6570 | D:7      | Noticed a hippogriff
  6589 | D:7      | Killed a hippogriff
  6608 | D:7      | Reached skill level 5 in Ice Magic
  6932 | D:7      | Reached skill level 5 in Transmutations
  7184 | D:7      | Reached XP level 9. HP: 10/71 MP: 12/12
  7763 | D:7      | Reached skill level 8 in Unarmed Combat
  8035 | D:7      | Reached skill level 5 in Fighting
  8209 | D:8      | Found Kautsit's Quality Used Wands.
  8362 | D:8      | Noticed vatarom's ghost (novice HOFi)
  8378 | D:8      | Slain by vatarom's ghost

Skill      XL: |  1  2  3  4  5  6  7  8  9 |
---------------+----------------------------+-----
Dodging        | 2 3 4 |  4.7
Fighting       | 2 3 4 5 |  5.1
Unarmed Combat | 4 5 6 7 8 |  8.4
Ice Magic      | 2 5 6 |  6.5
Transmutations | 3 5 6 |  6.2
Spellcasting   | |  2.0

Action                   |  1- 3 |  4- 6 |  7- 9 || total
-------------------------+-------+-------+-------++-------
Melee: Unarmed           |   131 |   267 |   439 ||   837
       Kick              |     4 |    12 |       ||    16
       Tailslap          |     6 |    28 |    42 ||    76
       Headbutt          |     5 |     6 |    13 ||    24
       Punch             |       |     3 |     5 ||     8
 Cast: Beastly Appendage |     8 |    10 |    12 ||    30
       Sticks to Snakes  |     2 |       |     3 ||     5
       Spider Form       |       |     2 |     9 ||    11
       Ice Form          |       |       |     5 ||     5
 Abil: Breathe Frost     |       |       |     4 ||     4
  Use: Scroll            |     4 |     8 |     3 ||    15
       Potion            |     1 |     4 |     6 ||    11
 Stab: Sleeping          |       |       |     1 ||     1
       Distracted        |       |       |     2 ||     2
  Eat: Chunk             |     2 |     2 |       ||     4
       Bread ration      |       |     3 |     3 ||     6
       Fruit             |       |     1 |       ||     1
       Royal jelly       |       |       |     3 ||     3
       Meat ration       |       |       |     1 ||     1
Armor: Skin              |    49 |    83 |    97 ||   229
Dodge: Dodged            |   117 |   152 |   292 ||   561
